 Dungeon Crawl Stone Soup version 0.30-a0-857-gcaf70739d4 (webtiles) character file.

Game seed: 12978134651394554003

3994 112233 the Thaumaturge (level 10, 0/73 HPs)
             Began as a Demonspawn Necromancer on Mar 4, 2023.
             Was a Follower of Vehumet.
             Slain by a yak (9 damage)
             ... on level 9 of the Dungeon on Mar 5, 2023.
             The game lasted 00:15:10 (10976 turns).

112233 the Thaumaturge (Demonspawn Necromancer)    Turns: 10976, Time: 00:15:10

Health: 0/73       AC:  7    Str:  9    XL:     10   Next: 3%
Magic:  10/23      EV: 13    Int: 21    God:    Vehumet [*.....]
Gold:   478        SH:  0    Dex: 13    Spells: 20/28 levels left

rFire   . . .      SeeInvis .    E - +5 dagger (venom)
rCold   . . .      Faith    .    (no shield)
rNeg    . . .      Spirit   .    a - +0 robe
rPois   .          Reflect  .    (no helmet)
rElec   .          Rampage  .    (no cloak)
rCorr   +                        y - +1 pair of gloves
Will    .....                    (no boots)
Stlth   ++                       (no amulet)
HPRegen 0.32/turn                i - ring of resist corrosion
MPRegen 0.18/turn                (no ring)

@: animating dead
A: hooves 2, thin metallic scales 2, foul stench 2, spiny 1
a: Renounce Religion


You were on level 9 of the Dungeon.
You worshipped Vehumet.
Vehumet was aware of your devotion.
You visited 2 branches of the dungeon, and saw 11 of its levels.

You collected 478 gold pieces.

Inventory:

Hand Weapons
 d - a +0 dagger
 r - a +0 dagger of venom
 E - a +5 dagger of venom (weapon)
Missiles
 o - 2 throwing nets
 A - 5 datura-tipped darts
Armour
 a - a +0 robe (worn)
 y - a +1 pair of gloves (worn)
Jewellery
 i - a ring of resist corrosion (left hand)
 H - a ring of protection from cold
Wands
 v - a wand of polymorph (4)
 B - a wand of paralysis (6)
 C - a wand of quicksilver (9)
 F - a wand of flame (16)
Scrolls
 e - 6 scrolls of identify {unknown}
 l - a scroll of teleportation
 n - 6 scrolls of noise {unknown}
 p - a scroll of magic mapping {unknown}
 t - a scroll of enchant weapon {unknown}
 u - 3 scrolls of fear {unknown}
 x - a scroll of fog {unknown}
 z - 2 scrolls of blinking {unknown}
Potions
 b - a potion of magic
 c - a potion of attraction {unknown}
 f - a potion of mutation {unknown}
 g - 2 potions of might
 h - 7 potions of flight
 j - 2 potions of ambrosia {unknown}
 k - a potion of curing
 m - a potion of degeneration {unknown}
 s - a potion of berserk rage {unknown}
 w - 2 potions of invisibility
 D - a potion of lignification {unknown}
 G - a potion of heal wounds {unknown}


   Skills:
 + Level 4.5 Fighting
 + Level 4.6 Dodging
 - Level 1.8 Stealth
 + Level 9.9 Spellcasting
 * Level 9.1 Necromancy


You had 20 spell levels left.
You knew the following spells:

 Your Spells              Type           Power      Damage    Failure   Level
a - Necrotise             Necr           100%       1d9       1%          1
b - Vampiric Draining     Necr           48%        2d9       1%          3
c - Animate Dead          Necr           48%        N/A       1%          4

Your spell library contained the following spells:

 Spells                   Type           Power      Damage    Failure   Level
 Foxfire                  Conj/Fire      40%        2x1d6     7%          1
 Agony                    Necr           48%        N/A       4%          5
 Call Canine Familiar     Summ           10%        N/A       21%         3
 Portal Projectile        Hex/Tloc       20%        N/A       21%         3
 Leda's Liquefaction      Hex/Erth       5%         N/A       54%         4
 Iskenderun's Battlesphe  Conj           10%        2d6       88%         5
 Iron Shot                Conj/Erth      5%         9d2       100%        6
 Spellforged Servitor     Conj/Summ      5%         N/A       100%        7


Dungeon Overview and Level Annotations

Branches:
Dungeon (10/15)            Temple (1/1) D:6            Lair (0/5) D:8
    Orc: D:9-12

Altars:
Ashenzari
Cheibriados
Gozag
Makhleb
Okawaru
Qazlal
Vehumet
Wu Jian
Xom
Yredelemnul

Annotations:
D:7 exclusion: downstairs, Joseph


Innate Abilities, Weirdness & Mutations

You have hoof-like feet.
You are mostly covered in thin metallic scales. (AC +3)
You sometimes emit foul miasma when damaged in melee.
You are partially covered in sharp spines.


Message History

Confirm with . or Enter, or press ? or * to list all spells.
Aiming: Vampiric Draining (safe; 1% risk of failure)
Press: ? - help, Shift-Dir - straight line, f/p - yak
Aim: a yak (moderately wounded)
You draw life force from the yak!
You feel life coursing into your body. The yak gores you!
The yak is engulfed in dark miasma.
The yak looks even sicker.
The yak seems to slow down.
The yak is struck by your spines. The yak gores you!
* * * LOW HITPOINT WARNING * * *
The yak is struck by your spines. The yak barely misses you.
The yak completely misses you.
Unknown command.
Casting: Vampiric Draining (safe; 1% risk of failure)
Confirm with . or Enter, or press ? or * to list all spells.
Aiming: Vampiric Draining (safe; 1% risk of failure)
Press: ? - help, Shift-Dir - straight line, f - yak, p - yak
Aim: a yak (foul pestilence, severely wounded, very poisoned, slow)
You draw life force from the yak!
You kill the yak!
Vehumet accepts your kill.
You feel life coursing into your body.
The dead are walking!
The yak barely misses you. The yak is struck by your spines. The yak gores you!
* * * LOW HITPOINT WARNING * * *
The yak misses you.
You have reached level 10!
Your demonic ancestry asserts itself...
Your foul stench grows more powerful.
Unknown command.
Unknown command.
Unknown command.
Unknown command.
Unknown command.
Unknown command.
You feel better. The yak gores you but does no damage. The yak gores you!
* * * LOW HITPOINT WARNING * * *
The yak is struck by your spines. The yak gores you.
* * * LOW HITPOINT WARNING * * *
Unknown command.
You feel better. The yak gores you!
You die...

#......##
##..)....##
#..)†)....##
#..).......##
#.....[.....##
#............##
#..)).........#
#..)..Y.○.....#
#...[.Y@Z....#. #
#......Y....... .
#.............. Y.
#...........### Y.#
#.........### .Y.#
###.........#
#..####.......#####
#..#........##
#........###


You could see 3 yaks and a friendly yak zombie.

Vanquished Creatures
  An orc sorcerer (D:8)
  Prince Ribbit (D:9)
  A wyvern (D:8)
  A yak (D:9)
  Edmund (D:6)
  3 wargs (D:8)
  Duvessa (D:6)
  A sky beast (D:8)
  3 ice beasts
  2 black bears
  3 ogres
  3 centaurs (D:8)
  Blork the orc (D:6)
  A bullfrog (D:9)
  A gnoll sergeant (D:9)
  A scorpion (D:4)
  Dowan (D:6)
  4 killer bees (D:9)
  A howler monkey (D:7)
  A hound (D:6)
  10 orc priests
  A gnoll bouda (D:9)
  4 iguanas
  6 orc wizards
  Robin (D:2)
  8 adders
  15 gnolls
  3 shadow imps
  A white imp (D:6)
  6 worms
  4 dart slugs
  23 orcs
  5 bats
  6 endoplasms
  2 giant cockroaches (D:1)
  10 goblins
  14 hobgoblins
  10 jackals
  5 kobolds
  4 quokkas
  9 ball pythons
  4 frilled lizards
  7 rats
190 creatures vanquished.

Vanquished Creatures (collateral kills)
  An adder (D:2)
  2 goblins (D:2)
  2 jackals
5 creatures vanquished.

Vanquished Creatures (others)
  4 fungi (D:2)
  3 plants (D:2)
7 creatures vanquished.

Grand Total: 202 creatures vanquished

Notes
Turn   | Place    | Note
-------+----------+-------------------------------------------
     0 | D:1      | 112233 the Demonspawn Necromancer began the quest for the
                  | Orb.
     0 | D:1      | Reached XP level 1. HP: 13/13 MP: 3/3
     0 | D:1      | Upgraded the game from 0.30-a0-851-gbd0d260d8e to
                  | 0.30-a0-857-gcaf70739d4
   148 | D:1      | Gained mutation: You have large cloven feet. [demonic
                  | ancestry]
   148 | D:1      | Reached XP level 2. HP: 6/19 MP: 0/5
   697 | D:1      | Gained mutation: You may rarely emit foul miasma when
                  | damaged in melee. [demonic ancestry]
   697 | D:1      | Reached XP level 3. HP: 24/24 MP: 4/7
  1436 | D:2      | Gained mutation: You are partially covered in thin metallic
                  | scales. (AC +2) [demonic ancestry]
  1436 | D:2      | Reached XP level 4. HP: 24/30 MP: 2/9
  1790 | D:2      | Found a faded altar of an unknown god.
  2005 | D:2      | Learned a level 3 spell: Vampiric Draining
  2125 | D:2      | Noticed Robin
  2166 | D:2      | Killed Robin
  2575 | D:2      | Reached XP level 5. HP: 19/35 MP: 7/12
  2746 | D:3      | Reached skill level 5 in Spellcasting
  3503 | D:4      | Noticed a phantom
  3556 | D:2      | Identified a scroll of acquirement
  3556 | D:2      | Acquired a staff of death
  4217 | D:2      | Gained mutation: You have hoof-like feet. [demonic
                  | ancestry]
  4217 | D:2      | Reached XP level 6. HP: 16/41 MP: 4/14
  4969 | D:4      | Found an ornate altar of the Wu Jian Council.
  4990 | D:4      | Found a snail-covered altar of Cheibriados.
  4996 | D:4      | Found a broken altar of Ashenzari.
  6044 | D:4      | Gained mutation: You are partially covered in sharp spines.
                  | [demonic ancestry]
  6044 | D:4      | Reached XP level 7. HP: 46/46 MP: 14/17
  6050 | D:5      | Entered Level 5 of the Dungeon
  6544 | D:5      | Found a sand-covered staircase.
  6568 | D:5      | Learned a level 4 spell: Animate Dead
  6964 | D:6      | Noticed Blork the orc
  6975 | D:6      | Killed Blork the orc
  6990 | D:6      | Reached XP level 8. HP: 42/52 MP: 9/20
  7076 | D:6      | Found a staircase to the Ecumenical Temple.
  7148 | Temple   | Entered the Ecumenical Temple
  7231 | Temple   | Became a worshipper of Vehumet
  7419 | D:6      | Noticed Edmund
  7427 | D:6      | Killed Edmund
  7428 | D:6      | Reached skill level 5 in Necromancy
  7581 | D:6      | Noticed Duvessa
  7581 | D:6      | Noticed Dowan
  8323 | D:7      | Noticed Joseph
  8384 | D:6      | Killed Duvessa
  8385 | D:6      | Reached skill level 1 in Fighting
  8386 | D:6      | Killed Dowan
 10040 | D:7      | Gained mutation: You are mostly covered in thin metallic
                  | scales. (AC +3) [demonic ancestry]
 10040 | D:7      | Reached XP level 9. HP: 48/62 MP: 15/22
 10098 | D:8      | Found a staircase to the Lair.
 10109 | D:8      | Reached * piety under Vehumet
 10109 | D:8      | Offered knowledge of Foxfire by Vehumet.
 10425 | D:8      | Noticed an orc sorcerer
 10435 | D:8      | Killed an orc sorcerer
 10749 | D:9      | Noticed Prince Ribbit
 10755 | D:10     | Entered Level 10 of the Dungeon
 10760 | D:9      | Killed Prince Ribbit
 10975 | D:9      | Gained mutation: You sometimes emit foul miasma when
                  | damaged in melee. [demonic ancestry]
 10975 | D:9      | Reached XP level 10. HP: 11/73 MP: 9/23
 10975 | D:9      | HP: 1/73 [yak (3)]
 10976 | D:9      | Slain by a yak

Illustrated notes

Levels and vault maps discovered:
D:1:      amcnicky_arrival_choice, layout_basic
D:2:      layout_rooms, shapermc_ecumenical_altar_ellora, minivault_4,
          dreamdust_wishing_well, minmay_quantized, uniq_robin
D:3:      layout_loops_ring, cheibrodos_sewer_entry_bend
D:4:      layout_loops_corners, mainiacjoe_overflow_big_doors,
          gammafunk_temple_overflow_forgotten
D:5:      layout_loops_ring, chequers_ossuary_entry_cave
D:6:      cheibrodos_quashed, layout_loops_cross, minmay_temple_entry_wispy,
          uniq_blork_the_orc, uniq_duvessa, uniq_edmund
D:7:      layout_loops_ring, hangedman_abyss_or_decor_passed, kennysheep_dice,
          uniq_joseph
D:8:      cheibrodos_wizards_tower, layout_rooms, erik_lair_orcish_takeover
D:9:      layout_cave_pods, mainiacjoe_overflow_alcove_4, hiddenorc1_lemuel,
          enter_bailey_3, uniq_prince_ribbit1
D:10:     layout_small_grid, uniq_snorg, uniq_maggie
Temple:   regret_index_temple_sphere_string

Skill      XL: |  1  2  3  4  5  6  7  8  9 |
---------------+----------------------------+-----
Spellcasting   | 3 4 5 7 8 9 |  9.9
Necromancy     | 6 9 |  9.1
Dodging        | 3 4 |  4.6
Fighting       | 2 4 |  4.5
Stealth        | |  1.8

Action                     |  1- 3 |  4- 6 |  7- 9 | 10-12 || total
---------------------------+-------+-------+-------+-------++-------
  Melee: Dagger            |     6 |    22 |    53 |       ||    81
         Kick              |     4 |     5 |    15 |       ||    24
         Unarmed           |     1 |       |       |       ||     1
         Punch             |       |       |     3 |       ||     3
   Cast: Necrotise         |    63 |   187 |   112 |       ||   362
         Vampiric Draining |       |     6 |    63 |       ||    69
         Animate Dead      |       |       |     1 |       ||     1
  Evoke: Wand              |       |     3 |     5 |       ||     8
    Use: Scroll            |       |     3 |     2 |       ||     5
         Potion            |       |     3 |       |     2 ||     5
   Stab: Sleeping          |     1 |       |       |       ||     1
 Armour: Robe              |     6 |    24 |    51 |     1 ||    82
  Dodge: Dodged            |    20 |    61 |   111 |       ||   192

Table legend: (Time is in decaauts)
 A = Elapsed time spent in this place.
 B = Non-inter-level travel time spent in this place.
 C = Inter-level travel time spent in this place.
 D = Time resting spent in this place.
 E = Time spent auto-exploring this place.
 F = Levels seen in this place.
 G = Mean time per level.
                   A        B        C        D        E       F      G
               +--------+--------+--------+--------+--------+-----+--------+
         Total |  11000 |  10543 |    457 |   2074 |   7116 |  11 | 1000.0 |
       Dungeon |  10904 |  10475 |    429 |   2074 |   7057 |  10 | 1090.4 |
        Temple |     96 |     69 |     27 |      0 |     59 |   1 |   96.0 |
               +--------+--------+--------+--------+--------+-----+--------+

Top non-repeatable levels by time:
     D:2: 2447 daAuts
     D:7: 1797 daAuts
     D:3: 1477 daAuts
     D:6: 1181 daAuts
     D:1: 1159 daAuts
     D:4: 981 daAuts
     D:5: 901 daAuts
     D:8: 686 daAuts
     D:9: 267 daAuts
  Temple: 96 daAuts
    D:10: 4 daAuts
